 Dungeon Crawl Stone Soup version 0.22.0-40-g68aacdc (webtiles) character file.

63 Gildeon the Magician (level 3, -6/19 HPs)
             Began as a Deep Elf Ice Elementalist on Sept 2, 2018.
             Mangled by Crazy Yiuf
             ... wielding a +2 quarterstaff of chaos
              (18 damage)
             ... on level 2 of the Dungeon.
             The game lasted 00:08:48 (1570 turns).

Gildeon the Magician (Deep Elf Ice Elementalist)    Turns: 1570, Time: 00:08:50

Health: -6/19      AC:  3    Str:  5    XL:     3   Next: 87%
Magic:  8/11       EV: 13    Int: 20    God:
Gold:   74         SH:  0    Dex: 15    Spells: 5/11 levels left

rFire    . . .     SeeInvis .   k - +0 dagger (venom)
rCold    . . .     Gourm    .   (no shield)
rNeg     . . .     Faith    .   a - +0 robe
rPois    .         Spirit   .   (no helmet)
rElec    .         Reflect  .   (no cloak)
rCorr    .         Harm     .   (no gloves)
MR       .....                  g - +0 pair of boots
Stlth    ++........             (no amulet)
HPRegen  0.06/turn              (no ring)
MPRegen  0.12/turn              (no ring)

@: lethally poisoned (-6 -> -15), very slightly contaminated
A: no striking features
a: no special abilities


You were on level 2 of the Dungeon.
You were not hungry.

You visited 1 branch of the dungeon, and saw 2 of its levels.

You collected 74 gold pieces.

Inventory:

Hand Weapons
 k - a +0 dagger of venom (weapon)
Armour
 a - a +0 robe (worn)
 g - a +0 pair of boots (worn)
Scrolls
 d - a scroll of amnesia {unknown}
 i - a scroll of identify {unknown}
Potions
 b - 2 potions of agility {unknown}
 e - a potion of lignification {unknown}
 f - 2 potions of might {unknown}
Comestibles
 c - 2 rations
 h - 5 chunks of flesh


   Skills:
 + Level 2.4 Dodging
 - Level 2.4 Stealth
 + Level 4.6 Spellcasting
 - Level 1.1 Conjurations
 + Level 4.4 Ice Magic


You had 5 spell levels left.
You knew the following spells:

 Your Spells              Type           Power        Failure   Level  Hunger
a - Freeze                Ice            ###.         1%          1    None
b - Throw Frost           Conj/Ice       ###...       6%          2    #......
c - Ozocubu's Armour      Chrm/Ice       ##......     14%         3    ##.....

Your spell library contained the following spells:

 Spells                   Type           Power        Failure   Level  Hunger
 Throw Icicle             Conj/Ice       ###.....     36%         4    ####...
 Summon Ice Beast         Ice/Summ       ##......     43%         4    ####...


Dungeon Overview and Level Annotations

Branches:
Dungeon (2/15)

Altars:

Annotations:
D:2 Crazy Yiuf


Message History

Casting: Freeze (safe; 1% risk of failure)
Confirm with . or Enter, or press ? or * to list all spells.
Aiming: Freeze (safe; 1% risk of failure)
Press: ? - help, Shift-Dir - straight line, f/p - Crazy Yiuf
Aim: Crazy Yiuf, wielding a quarterstaff of chaos and wearing a cloak You freeze Crazy Yiuf.
Crazy Yiuf is moderately wounded.
You feel sick. Crazy Yiuf barely misses you.
Casting: Freeze (safe; 1% risk of failure)
Confirm with . or Enter, or press ? or * to list all spells.
Aiming: Freeze (safe; 1% risk of failure)
Press: ? - help, Shift-Dir - straight line, f/p - Crazy Yiuf
Aim: Crazy Yiuf, wielding a quarterstaff of chaos and wearing a cloak (moderately wounded)
You freeze Crazy Yiuf.
Crazy Yiuf is severely wounded.
You feel sick.
Crazy Yiuf hits you with a quarterstaff of chaos.
You are electrocuted!
Ouch! That really hurt!
You die...

#. #. #. #. #.# ##.###♣♣♣♣♣ #.#
##.......♣.♣♣♣ #### #.#
#.........♣..♣#...# #.#
.##........♣♣♣♣.@g..#
###.####### ..........♣♣ ♣♣#..)#
#.......... .......##♣♣ ####
#.......... .##....# #....##....
#....<# #..#.##..##
#.....############## ##.#.##..##
#.......##.#.#..##.####.#<##..##
#............#..#.......#.##..#.
#...............#.....###.##....


You could see Crazy Yiuf.

Vanquished Creatures
  3 adders (D:2)
  An ooze (D:1)
  A worm (D:2)
  A leopard gecko (D:1)
  3 goblins (D:2)
  3 hobgoblins
  4 jackals (D:1)
  4 bats (D:1)
  6 kobolds
  2 rats (D:1)
28 creatures vanquished.

Notes
Turn   | Place    | Note
-------+----------+-------------------------------------------
     0 | D:1      | Gildeon the Deep Elf Ice Elementalist began the quest for the Orb.
     0 | D:1      | Reached XP level 1. HP: 10/10 MP: 6/6
   100 | D:1      | Reached XP level 2. HP: 4/15 MP: 0/8
   181 | D:1      | Learned a level 2 spell: Throw Frost
   843 | D:2      | Reached XP level 3. HP: 12/19 MP: 2/10
   848 | D:2      | Learned a level 3 spell: Ozocubu's Armour
  1561 | D:2      | Found a runed door.
  1565 | D:2      | Noticed Crazy Yiuf
  1570 | D:2      | Mangled by Crazy Yiuf

Skill      XL: |  1  2 |
---------------+-------+-----
Spellcasting   | 4 |  4.6
Ice Magic      | 4 |  4.4
Dodging        | |  2.4
Stealth        | |  2.4
Conjurations   | |  1.1

Action                   || total
-------------------------++-------
Melee: Dagger            ||     8
 Cast: Freeze            ||    50
  Use: Scroll            ||     2
  Eat: Ration            ||     1
Armor: Robe              ||     7
Dodge: Dodged            ||    38
